 Adventure DCSS version bcrawl-1.32 (webtiles) character file.

Game seed: 9455021444447606945

72022 Leeroy the Slasher (level 3, -11/21 HPs)
             Began as a Skeleton Skald on Aug 3, 2021.
             Mangled by a bullfrog (12 damage)
             ... in a sewer.
             The game lasted 00:05:14 (2953 turns).

Leeroy the Slasher (Skeleton Skald)                 Turns: 2953, Time: 00:05:15

Health: -11/21     AC:  5    Str: 17    XL:     3   Next: 55%
Magic:  0/7        EV:  9    Int: 12    God:
Gold:   154        SH:  1    Dex:  9    Spells: 0/8 levels left
                                        Lives:  0   Deaths: 2

rFire    . . .     SeeInvis .   a - +0 long sword
rCold    + . .     Gourm    .   (no shield)
rNeg     + + +     Faith    +   b - +0 leather armour
rPois    ∞         Spirit   +   l - +0 helmet
rElec    .         Reflect  .   e - +0 cloak
rCorr    .         Harm     .   (no gloves)
MR       .....                  (no boots)
Stlth    +.........             p - amulet of faith
HPRegen  0.07/turn              (no ring)
MPRegen  0.10/turn              (no ring)

@: constricted, very slow
A: no food or potions, cold resistance 1, deterioration 1, negative energy
resistance 3, torment resistance, unbreathing, magic shield, sturdy frame 1,
spell healing
a: no special abilities


You were in a sewer.
You were not hungry.

You visited 1 branch of the dungeon, and saw 3 of its levels.
You also visited: Sewer.

You collected 154 gold pieces.

Inventory:

Hand Weapons
 a - a +0 long sword (weapon)
 k - a +1 dagger of speed
 m - a +1 falchion of holy wrath
Armour
 b - a +0 leather armour (worn)
 e - a +0 cloak (worn)
 l - a +0 helmet (worn)
 o - a +0 ring mail
Jewellery
 p - an amulet of faith (around neck)
Scrolls
 c - a scroll of immolation {unknown}
 d - a scroll of blinking {unknown}
 f - a scroll of enchant weapon {unknown}
 g - a scroll of remove curse
 h - a scroll of amnesia {unknown}
 i - a scroll of identify
 j - 2 scrolls of fog {unknown}
 n - 2 scrolls of teleportation {unknown}
 q - a scroll of magic mapping {unknown}


   Skills:
 - Level 2.0 Fighting
 + Level 6.5 Long Blades
 - Level 1.1 Armour
 - Level 2.0 Dodging
 - Level 3.0 Spellcasting
 - Level 3.2 Charms


You couldn't memorise any spells.
You knew the following spells:

 Your Spells              Type           Power        Failure   Level  Hunger
a - Infusion              Chrm           #.......     7%          1    N/A
b - Spectral Weapon       Hex/Chrm       #.......     36%         3    N/A
c - Swiftness             Chrm/Air       #.......     21%         2    N/A
d - Song of Slaying       Chrm           #.......     10%         2    N/A

Your spell library contained the following spells:

 Spells                   Type           Power        Failure   Level  Hunger
 Ozocubu's Armour         Chrm/Ice       #.......     36%         3    N/A
 Regeneration             Chrm/Necr      Unusable     N/A         3    N/A

Dungeon Overview and Level Annotations

Branches:
Dungeon (3/12)

Altars:
Nemelex Xobeh
Ru
Sif Muna
Xom


Innate Abilities, Weirdness & Mutations

You do not eat or drink.
You are immune to poison.
Your flesh is cold resistant. (rC+)
Your body sometimes deteriorates upon taking damage.
You are immune to negative energy. (rN+++)
You are immune to unholy pain and torment.
You can survive without breathing.
When hurt, damage is shared between your health and your magic reserves.
Your movements are slightly less encumbered by armour. (ER -2)
Casting spells heals you.


Message History

* * * LOW HITPOINT WARNING * * *
The adder closely misses you. The ball python closely misses you.
The ball python constricts you. The adder bites you.
* * * LOW HITPOINT WARNING * * *
The adder bites you.
* * * LOW HITPOINT WARNING * * *
You are too injured to fight recklessly!
You are too injured to fight recklessly!
You are too injured to fight recklessly!
You are too injured to fight recklessly!
You are too injured to fight recklessly!
You are too injured to fight recklessly!
You are too injured to fight recklessly!
You are too injured to fight recklessly!
You are too injured to fight recklessly!
You are too injured to fight recklessly!
No path to travel!
You miss the adder. The bullfrog hits you!
Ouch! That really hurt!
You die...

#####################
...≈≈≈≈≈≈≈≈≈≈≈≈≈≈≈..###
..≈≈≈≈S#F..≈#≈≈≈≈≈....##
..≈≈≈SS@#≈≈≈≈≈≈≈≈≈.....#
...#≈lSSF≈≈≈≈≈≈≈≈≈≈....#
...≈≈≈SS≈≈≈≈≈≈≈≈≈≈≈....#
..#≈≈≈≈≈≈≈≈≈≈≈≈≈≈≈......
# ##################....
####... #!!#... #!!'...
#####..


You could see 2 bullfrogs, 3 adders, 4 ball pythons and a frilled lizard.

Vanquished Creatures
  4 adders
  3 river rats (Sewer)
  An ooze (Sewer)
  A worm (D:2)
  A dart slug (D:1)
  5 leopard geckos
  7 ball pythons (Sewer)
  6 giant cockroaches
  5 goblins
  3 hobgoblins
  A quokka (D:3)
  5 bats
  4 frilled lizards (D:2)
  A jackal skeleton (D:2)
  8 kobolds
  30 rats
85 creatures vanquished.

Notes
Turn   | Place    | Note
-------+----------+-------------------------------------------
     0 | D:1      | Leeroy the Skeleton Skald began the quest for the Orb.
     0 | D:1      | Reached XP level 1. HP: 12/12 MP: 4/4
    56 | D:1      | Reached skill level 3 in Long Blades
   156 | D:1      | Reached XP level 2. HP: 15/17 MP: 6/6
   843 | D:2      | Reached skill level 4 in Long Blades
   924 | D:2      | Found a sacrificial altar of Ru.
  1038 | D:2      | Found a sparkling altar of Nemelex Xobeh.
  1044 | D:2      | Reached XP level 3. HP: 18/21 MP: 4/7
  1149 | D:2      | Found a shimmering altar of Xom.
  1155 | D:2      | Found a shimmering altar of Xom.
  1156 | D:2      | Found a shimmering altar of Xom.
  1157 | D:2      | Found a shimmering altar of Xom.
  1157 | D:2      | Found a shimmering altar of Xom.
  1158 | D:2      | Found a shimmering altar of Xom.
  1792 | D:2      | Found a shimmering blue altar of Sif Muna.
  2125 | D:3      | Reached skill level 5 in Long Blades
  2166 | D:3      | Found a glowing drain.
  2212 | Sewer    | Entered a sewer
  2237 | Sewer    | Reached XP level 4. HP: 20/26 MP: 5/8
  2431 | Sewer    | Learned a level 3 spell: Spectral Weapon
  2434 | Sewer    | Learned a level 2 spell: Swiftness
  2439 | Sewer    | Learned a level 2 spell: Song of Slaying
  2579 | Sewer    | HP: 1/25 [ball python (1)]
  2585 | Sewer    | Slain by a rat
  2586 | Sewer    | Reached XP level 3. HP: -1/20 MP: 0/7
  2586 | Sewer    | Reached skill level 6 in Long Blades
  2758 | Sewer    | Reached XP level 4. HP: 10/26 MP: 2/8
  2780 | Sewer    | HP: 1/26 [adder (1)]
  2781 | Sewer    | Slain by a rat
  2782 | Sewer    | Reached XP level 3. HP: -1/21 MP: 0/7
  2948 | Sewer    | Noticed a bullfrog
  2948 | Sewer    | Noticed a bullfrog
  2952 | Sewer    | HP: 1/21 [adder (2)]
  2953 | Sewer    | Mangled by a bullfrog

Skill      XL: |  1  2  3 |
---------------+----------+-----
Long Blades    | 3 4 6 |  6.5
Fighting       | |  2.0
Armour         | |  1.1
Dodging        | |  2.0
Spellcasting   | |  3.0
Charms         | |  3.2

Action                   |  1- 3 |  4- 6 || total
-------------------------+-------+-------++-------
Melee: Long sword        |   305 |    79 ||   384
 Cast: Infusion          |     1 |     1 ||     2
       Song of Slaying   |       |     1 ||     1
  Use: Scroll            |       |     2 ||     2
Armor: Leather armour    |   131 |    72 ||   203
Dodge: Dodged            |   246 |   110 ||   356
Block: Other             |     2 |    17 ||    19
